cohdb
Replays
Latest Replays
All Replays
Popular Replays
Top Player Replays
Match Explorer
How It Works
Community
CoH3 Stats
Reddit
Sign in to upload your games and track your stats! →
Sign in with Steam
Match 45532120
Unlisted
Match 45532120
Overview
Messages
Build Orders
End
Scout Squad
Construct Barracks
Selects Heavy Weapons
Riflemen Squad
Engineer Squad
Riflemen Squad
M1 Mortar Team
Mechanized Support Center
Riflemen Squad
Riflemen Squad
Construct Weapon Support Center
Engineer Squad
Construct Weapon Support Center
Construct Motor Pool
Selects M2HB .50cal Heavy Machine Gun
Selects Gallant Stand
Selects Bolstered Team Weapons
M1 Anti-tank Gun Team
M1919 Machine Gun Team
Construct Tank Depot
M4A1 Sherman Medium Tank
M4A1 76mm Conversion
Selects Assault Carriers
Selects Halftrack Strongpoints
Engineer Squad
M4A1(76) Sherman Medium Tank
Mortar Pit
Mortar Pit
M4A1(76) Sherman Medium Tank
Selects M26 Pershing Heavy Tank
Engineer Squad
Engineer Squad
CommieRed
Thank You Chef
Kray-Tos
General Himmelswerft
JanusOhneJ
Moree
0
0
Comments
sign in to comment!
No comments posted yet!